 Dungeon Crawl Stone Soup version 0.29-a0-1009-g60c99734e7 (webtiles) character file.

Game seed: 11210416660575511660

491 vurker the Chopper (level 7, 0/44 HPs)
             Began as a Gargoyle Monk on Aug 8, 2022.
             Was a Believer of the Shining One.
             Slain by an orc priest
             ... wielding a +0 flail
              (1 damage)
             ... on level 4 of the Dungeon.
             The game lasted 00:03:39 (4421 turns).

vurker the Chopper (Gargoyle Monk)                  Turns: 4421, Time: 00:03:40

Health: 0/44       AC: 12    Str: 16    XL:     7   Next: 14%
Magic:  7/7        EV:  8    Int: 11    God:    the Shining One [**....]
Gold:   54         SH:  7    Dex: 12    Spells: 6/6 levels left

rFire   . . .      SeeInvis .   a - +0 hand axe
rCold   . . .      Faith    .   v - +0 kite shield
rNeg    + + .      Spirit   .   t - +0 scale mail
rPois   ∞          Reflect  .   s - +0 helmet
rElec   +          Harm     .   (no cloak)
rCorr   .          Rampage  .   (no gloves)
Will    .....                   (no boots)
Stlth   ..........              (no amulet)
HPRegen 0.14/turn               (no ring)
MPRegen 0.10/turn               (no ring)

@: glowing
A: sickness immunity, AC +4, negative energy resistance 1, electricity
resistance, torment resistance 1, petrification resistance
a: Renounce Religion, Divine Shield


You were on level 4 of the Dungeon.
You worshipped the Shining One.
The Shining One was pleased with you.
You visited 1 branch of the dungeon, and saw 4 of its levels.

You collected 144 gold pieces.
You spent 90 gold pieces at shops.

Inventory:

Hand Weapons
 a - a +0 hand axe (weapon)
 w - the +11 whip of Onas {freeze, Dex+2 SInv Stlth+}
   (You found it on level 4 of the Dungeon)

   It freezes those it strikes, dealing additional cold damage.
   It can also slow down cold-blooded creatures.
   Dex:       It affects your dexterity (+2).
   SInv:      It lets you see invisible.
   Stlth:     It makes you more stealthy.
Armour
 s - a +0 helmet (worn)
   (You took it off Robin on level 3 of the Dungeon)
 t - a +0 scale mail (worn)
   (You took it off an orc on level 3 of the Dungeon)
 v - a +0 kite shield (worn)
   (You found it on level 4 of the Dungeon)
Scrolls
 b - a scroll of noise {unknown}
 d - a scroll of torment {unknown}
 e - a scroll of amnesia {unknown}
 f - a scroll of enchant armour {unknown}
 l - a scroll of magic mapping {unknown}
 m - 6 scrolls of identify {unknown}
 o - a scroll of blinking {unknown}
 p - 2 scrolls of enchant weapon {unknown}
 q - a scroll of teleportation {unknown}
Potions
 c - a potion of ambrosia
 g - 3 potions of lignification {unknown}
 h - a potion of resistance {unknown}
 i - a potion of berserk rage {unknown}
 j - 7 potions of curing
 k - a potion of degeneration {unknown}
 n - 2 potions of mutation {unknown}
 r - a potion of flight {unknown}
 u - a potion of brilliance {unknown}


   Skills:
 + Level 4.6 Fighting
 * Level 4.9 Axes
 + Level 3.1 Armour
 + Level 3.5 Dodging
 - Level 2.1 Stealth
 + Level 1.6 Shields


You had 6 spell levels left.
You didn't know any spells.
Your spell library contained the following spells:

 Spells                   Type           Power      Damage    Failure   Level
 Apportation              Tloc           0%         N/A       99%         1
 Slow                     Hex            0%         N/A       99%         1
 Summon Small Mammal      Summ           0%         N/A       99%         1
 Call Canine Familiar     Summ           0%         N/A       100%        3
 Confusing Touch          Hex            0%         N/A       100%        3
 Gell's Gravitas          Tloc           0%         N/A       100%        3
 Summon Guardian Golem    Hex/Summ       0%         N/A       100%        3
 Teleport Other           Tloc           0%         N/A       100%        3
 Vampiric Draining        Necr           0%         2d6       100%        3
 Alistair's Intoxication  Tmut/Pois      0%         N/A       100%        5
 Dispersal                Tloc           0%         N/A       100%        6


Dungeon Overview and Level Annotations

Branches:
Dungeon (4/15)
 Temple: D:4-7

Altars:
Makhleb
Zin
The Shining One

Annotations:
D:3 1 transporter, Gwenloh's ghost, amateur MeEE


Innate Abilities, Weirdness & Mutations

You are immune to sickness and miasma.
Your stone body is resilient. (AC +4)
You are immune to poison.
You resist negative energy. (rN+)
You are resistant to electric shocks. (rElec)
You are resistant to unholy torment.
You are immune to petrification.


Message History

You hit the orc wizard. You barely miss the orc priest. You hit the orc.
The orc hits you but does no damage. You block the orc priest's attack.
The orc wizard hits you but does no damage.
The orc wizard casts a spell at you. You resist with some effort.
The orc hits you with a +0 war axe! The orc priest barely misses you.
You slash the orc wizard!
You kill the orc wizard!
You hit the orc.
You hit the orc priest but do no damage.
The orc priest hits you with a +0 flail.
You block the orc's attack.
You hit the orc.
You hit the orc priest but do no damage.
The orc priest closely misses you. The orc closely misses you.
You hit the orc.
You kill the orc!
You barely miss the orc priest.
The orc priest begins to cast a cantrip, but forgets the words!
You barely miss the orc priest. You block the orc priest's attack.
The orc priest hits you but does no damage.
You hit the orc priest but do no damage.
The orc priest invokes the aid of Beogh against you.
Pain shoots through your body!
* * * LOW HITPOINT WARNING * * *
You hit the orc priest but do no damage.
The orc priest calls down the wrath of Beogh upon you.
Beogh smites you!
* * * LOW HITPOINT WARNING * * *
You hit the orc priest but do no damage.
The orc priest casts a cantrip, but nothing happens.
You completely miss the orc priest.
The orc priest looks encouraged for a moment.
The orc priest hits you with a +0 flail.
* * * LOW HITPOINT WARNING * * *
You hit the orc priest but do no damage.
You block the orc priest's attack.
You hit the orc priest but do no damage.
The orc priest invokes the aid of Beogh against you.
Beogh smites you!
* * * LOW HITPOINT WARNING * * *
You aren't carrying any items that you can evoke.
You barely miss the orc priest.
The orc priest begins to cast a cantrip, but forgets the words!
You hit the orc priest but do no damage.
The orc priest invokes the aid of Beogh against you.
Pain shoots through your body!
* * * LOW HITPOINT WARNING * * *
The orc priest hits you with a +0 flail.
You die...

..#.#.#....##.#..#.###+#
.#.#.#.#.#.##.#..#+###+#
..#.#.#.....#.#.........
†#.#(#.###)............?
#.#.#.#.###.............
.#.#.#.## #......#.#####
#.#.#.#.# #......#...
.#.#.#.## #......#####
#.#†#.#.. #..##.@)...#
.#.#.#.####.....o)##.#
#.#.#.#.###.#.#.#.#
.#.#.#.#.## #... .#
#.#.#.#..# #... ..
.#.#.#.#.# #... ...
#.#[#.#..# ...> ...
.#.#.#.#.# ##..# ....
#.#.#.#..


You could see an orc priest.

Vanquished Creatures
  A phantom (D:3)
  Blork the orc (D:4)
  A scorpion (D:4)
  A hound (D:4)
  Jessica (D:2)
  2 orc wizards
  Robin (D:3)
  10 adders
  A worm (D:3)
  A dart slug (D:4)
  5 orcs
  3 ball pythons
  6 endoplasms
  4 giant cockroaches
  9 goblins
  11 hobgoblins
  A jackal (D:1)
  2 quokkas (D:1)
  7 bats
  2 frilled lizards (D:2)
  7 kobolds
  4 rats (D:1)
81 creatures vanquished.

Vanquished Creatures (others)
  A demonic plant (D:1)
  6 plants
7 creatures vanquished.

Grand Total: 88 creatures vanquished

Notes
Turn   | Place    | Note
-------+----------+-------------------------------------------
     0 | D:1      | vurker the Gargoyle Monk began the quest for the Orb.
     0 | D:1      | Reached XP level 1. HP: 14/14 MP: 1/1
   333 | D:1      | Found a faded altar of an unknown god.
   336 | D:1      | Reached XP level 2. HP: 19/19 MP: 2/2
  1326 | D:2      | Reached skill level 1 in Armour
  1405 | D:2      | Reached XP level 3. HP: 6/23 MP: 3/3
  1695 | D:2      | Noticed Jessica
  1715 | D:2      | Killed Jessica
  1716 | D:2      | Reached XP level 4. HP: 13/29 MP: 4/4
  2139 | D:2      | Found a burning altar of Makhleb.
  2396 | D:3      | Reached XP level 5. HP: 10/33 MP: 5/5
  2705 | D:3      | Noticed a phantom
  2718 | D:3      | Killed a phantom
  2946 | D:3      | Reached XP level 6. HP: 31/38 MP: 6/6
  3072 | D:3      | Noticed Gwenloh's ghost (amateur MeEE)
  3089 | D:3      | Noticed Robin
  3139 | D:3      | Killed Robin
  3588 | D:3      | Found a transporter.
  3886 | D:4      | Noticed Blork the orc
  3902 | D:4      | Killed Blork the orc
  3903 | D:4      | Reached skill level 1 in Shields
  4088 | D:4      | Found a glowing golden altar of the Shining One.
  4137 | D:4      | Became a worshipper of the Shining One
  4137 | D:4      | Reached * piety under the Shining One
  4137 | D:4      | Reached ** piety under the Shining One
  4189 | D:4      | Found Zin's Purification Station.
  4191 | D:4      | Found a glowing silver altar of Zin.
  4214 | D:4      | Bought a potion of curing for 90 gold pieces
  4286 | D:4      | Identified the +11 whip of Onas {freeze, Dex+2 SInv Stlth+}
  4312 | D:4      | Reached XP level 7. HP: 38/44 MP: 7/7
  4421 | D:4      | HP: 1/44 [orc priest/nerve-wracking pain (2)]
  4421 | D:4      | Slain by an orc priest

Illustrated notes

Levels and vault maps discovered:
D:1:      dpeg_cavernosity, layout_basic, shapermc_ecumenical_altar_gd
D:2:      layout_rooms, basic_altar, serial_bayou_pond_c, uniq_jessica
D:3:      layout_basic, gammafunk_ghost_mausoleum, uniq_robin
D:4:      layout_basic, overflow_temple_1_default, zin_purify,
          uniq_blork_the_orc

Skill      XL: |  1  2  3  4  5  6 |
---------------+-------------------+-----
Axes           | 3 4 |  4.9
Armour         | 1 2 3 |  3.1
Fighting       | 4 |  4.6
Dodging        | 3 |  3.5
Shields        | 1 |  1.6
Stealth        | |  2.1

Action                   |  1- 3 |  4- 6 |  7- 9 || total
-------------------------+-------+-------+-------++-------
Melee: Hand axe          |    90 |   253 |    21 ||   364
       Punch             |       |     1 |       ||     1
 Stab: Sleeping          |     2 |     4 |       ||     6
Armor: Robe              |    35 |    38 |       ||    73
       Scale mail        |       |    57 |     7 ||    64
Dodge: Dodged            |    68 |   134 |     6 ||   208
Block: Buckler           |       |    23 |       ||    23
       Kite shield       |       |     9 |     7 ||    16

Table legend: (Time is in decaauts)
 A = Elapsed time spent in this place.
 B = Non-inter-level travel time spent in this place.
 C = Inter-level travel time spent in this place.
 D = Time resting spent in this place.
 E = Time spent auto-exploring this place.
 F = Levels seen in this place.
 G = Mean time per level.
                   A        B        C        D        E       F      G
               +--------+--------+--------+--------+--------+-----+--------+
         Total |   4476 |   4317 |    159 |      0 |   3540 |   4 | 1119.0 |
       Dungeon |   4476 |   4317 |    159 |      0 |   3540 |   4 | 1119.0 |
               +--------+--------+--------+--------+--------+-----+--------+

Top non-repeatable levels by time:
     D:3: 1559 daAuts
     D:1: 1310 daAuts
     D:2: 1005 daAuts
     D:4: 601 daAuts
